 Dungeon Crawl Stone Soup version 0.30-a0-870-gc5d4c5acee (webtiles) character file.

Game seed: 6274848383136974615

891 Esekla the Covert (level 8, -1/54 HPs)
             Began as an Octopode Delver on Mar 12, 2023.
             Was an Initiate of Gozag.
             Slain by a killer bee (5 damage)
             ... on level 6 of the Dungeon.
             The game lasted 00:34:27 (5354 turns).

Esekla the Covert (Octopode Delver)                 Turns: 5354, Time: 00:34:28

Health: -1/54      AC:  1    Str: 11    XL:     8   Next: 6%
Magic:  8/12       EV: 14    Int: 14    God:    Gozag
Gold:   783        SH:  0    Dex: 14    Spells: 5/12 levels left

rFire   . . .      SeeInvis .    s - +2 dagger (protect)
rCold   . . .      Faith    .    (no shield)
rNeg    . . .      Spirit   .    (helmet restricted)
rPois   .          Reflect  .    o - amulet of the acrobat
rElec   .          Rampage  .    j - ring of wizardry
rCorr   .                        l - ring of wizardry
Will    .....                    (no ring)
Stlth   +++++                    (no ring)
HPRegen 0.29/turn                (no ring)
MPRegen 0.13/turn                (no ring)
                                 (no ring)
                                 (no ring)

@: no status effects
A: almost no armour, amphibious, 8 rings, camouflage 1, gelatinous body 1,
(nimble swimmer 1), tentacles
a: Renounce Religion, Potion Petition, Call Merchant, Bribe Branch


You were on level 6 of the Dungeon.
You worshipped Gozag.
Gozag was pleased with you.
You visited 2 branches of the dungeon, and saw 7 of its levels.

You collected 786 gold pieces.
You paid 3 gold pieces to Gozag.

Inventory:

Hand Weapons
 a - a +0 falchion
 s - a +2 dagger of protection (weapon)
 w - a +1 dagger of holy wrath
Missiles
 A - a throwing net (quivered)
Jewellery
 i - a ring of fire
 j - a ring of wizardry (left tentacle)
 l - a ring of wizardry (right tentacle)
 o - an amulet of the acrobat (around mantle)
Wands
 f - a wand of digging (3)
Scrolls
 b - a scroll of fog
 c - 2 scrolls of teleportation {unknown}
 d - a scroll of fear
 e - a scroll of enchant weapon {unknown}
 g - a scroll of amnesia {unknown}
 h - 4 scrolls of blinking {unknown}
 k - 7 scrolls of identify {unknown}
 m - a scroll of poison {unknown}
 p - 2 scrolls of vulnerability {unknown}
 x - a scroll of enchant armour {unknown}
 y - a scroll of torment {unknown}
 B - a scroll of magic mapping
Potions
 n - a potion of might {unknown}
 q - 2 potions of heal wounds {unknown}
 r - a potion of flight {unknown}
 t - a potion of mutation {unknown}
 u - 2 potions of cancellation
 v - 3 potions of lignification {unknown}
 z - a potion of attraction {unknown}


   Skills:
 * Level 4.4 Fighting
 + Level 2.5(3.6) Short Blades
 * Level 3.8(4.2) Long Blades
 * Level 3.5 Dodging
 - Level 8.2 Stealth
 * Level 2.9 Spellcasting
 * Level 1.2 Conjurations
 * Level 1.1 Fire Magic
 * Level 2.8 Ice Magic


You had 5 spell levels left.
You knew the following spells:

 Your Spells              Type           Power      Damage    Failure   Level
a - Ozocubu's Armour      Ice            9%         N/A       5%          3
y - Sticky Flame          Conj/Fire      5%         2d3       32%         4

Your spell library contained the following spells:

 Spells                   Type           Power      Damage    Failure   Level
 Inner Flame              Hex/Fire       3%         N/A       13%         3
 Flame Wave               Conj/Fire      5%         2d5       32%         4
 Anguish                  Hex/Necr       1%         N/A       45%         4
 Metabolic Englaciation   Hex/Ice        2%         N/A       61%         5
 Fireball                 Conj/Fire      2%         3d4       63%         5
 Iskenderun's Battlesphe  Conj           5%         2d6       63%         5
 Conjure Ball Lightning   Conj/Air       1%         3x3d6     99%         6
 Enfeeble                 Hex            1%         N/A       100%        7
 Orb of Destruction       Conj           2%         9d5       100%        7
 Simulacrum               Ice/Necr       Unusable   N/A       N/A         6

Dungeon Overview and Level Annotations

Branches:
Dungeon (6/15)             Temple (1/1) D:5

Altars:
Ashenzari
Cheibriados
Dithmenos
Elyvilon
Fedhas
Gozag
Hepliaklqana
Kikubaaqudgha
Makhleb
Nemelex Xobeh
Okawaru
Qazlal
Trog
Uskayaw
Vehumet
Wu Jian
Yredelemnul
The Shining One

Annotations:
D:3 Ijyb


Innate Abilities, Weirdness & Mutations

You cannot wear most types of armour.
You are amphibious.
You can wear up to eight rings at the same time.
Your skin changes colour to match your surroundings (Stealth+).
Your rubbery body absorbs attacks. (AC +1, EV +1)
((You are camouflaged when in or above water. (Stealth+)))
You have tentacles for arms and can constrict up to eight enemies at once.


Message History

Your grab misses the killer bee. Your squeeze misses the killer bee.
The killer bee is moderately wounded.
The killer bee closely misses you.
You closely miss the killer bee. Your grab misses the killer bee.
Your squeeze misses the killer bee.
The killer bee is moderately wounded.
The killer bee barely misses you. The killer bee misses you.
You barely miss the killer bee. Your grab misses the killer bee.
The killer bee is moderately wounded.
The killer bee barely misses you. The killer bee stings you.
* * * LOW HITPOINT WARNING * * *
Okay, then.
You closely miss the killer bee. Your grab misses the killer bee.
The killer bee is moderately wounded.
The killer bee barely misses you.
As you read the scroll of fear, it crumbles to dust.
You assume a fearsome visage.
The killer bee looks frightened!
Your icy armour will break if you move.
Continue? [Y]es or [N]o only, please.
Your icy armour will break if you move.
Continue?
Your icy armour cracks and falls away as you move.
A shadow imp comes into view.
The shadow imp gestures at you.
You struggle to resist.
The killer bee stings you.
* * * LOW HITPOINT WARNING * * *
The killer bee closely misses you.
Casting: Ozocubu's Armour (dangerous; 5% risk of failure)
Confirm with . or Enter, or press ? or * to list all spells.
A film of ice covers your body!
The killer bee seems to regain its courage.
The killer bee stings you but does no damage.
The killer bee misses you.
It was a potion of cancellation.
Your magical effects are unravelling.
You feel magically purged.
Your icy armour evaporates.
The killer bee stings you.
You die...
Your body crumbles into a pile of gold.

.................
####.........[...
#......yy......
#...<.O...y...#
#.............#
#...<.........
#.......#.5.#.## .....
#......###.###.# .....
#.####..#...#@y##.....
#.###.#...#...#..y......
#.##.###.###.###........
#.##[.#...#...#......y..
#.#.#...#...#...# .....
#.####.###.###.###....
#.#.#.).#...#...#..##
#.##..#...#...#...y#
#.##.###.###.###..##


You could see 2 killer bees.

Vanquished Creatures
  Sigmund (D:2)
  Eustachio (D:3)
  2 lemures (D:6)
  A scorpion (D:5)
  A vampire bat (D:4)
  A jelly (D:5)
  2 hounds
  A sleepcap (D:4)
  An orc priest (D:3)
  2 iguanas
  3 orc wizards
  A mummy (D:5)
  7 gnolls
  5 adders
  4 dart slugs
  4 orcs
  6 bats
  3 bat skeletons (D:4)
  3 bat zombies (D:4)
  9 endoplasms
  2 giant cockroaches (D:1)
  6 goblins
  6 hobgoblins
  6 jackals
  6 quokkas
  8 ball pythons
  2 frilled lizards
  4 kobolds
  4 rats
102 creatures vanquished.

Notes
Turn   | Place    | Note
-------+----------+-------------------------------------------
     0 | D:5      | Esekla the Octopode Delver began the quest for the Orb.
     0 | D:5      | Reached XP level 1. HP: 16/16 MP: 1/1
    16 | D:5      | Found a staircase to the Ecumenical Temple.
    25 | Temple   | Entered the Ecumenical Temple
    32 | D:5      | Reached XP level 2. HP: 5/21 MP: 2/2
   282 | Temple   | Became a worshipper of Gozag Ym Sagoz the Greedy
   313 | D:4      | Found a blossoming altar of Fedhas.
   753 | D:3      | Reached skill level 7 in Stealth
   753 | D:3      | Reached XP level 3. HP: 5/26 MP: 3/3
   891 | D:3      | Found a burning altar of Makhleb.
   891 | D:3      | Found an iron altar of Okawaru.
   897 | D:3      | Found a faded altar of an unknown god.
   899 | D:3      | Found a faded altar of an unknown god.
   900 | D:3      | Found a broken altar of Ashenzari.
   961 | D:3      | Noticed Ijyb
  1417 | D:1      | Reached XP level 4. HP: 31/31 MP: 5/5
  1583 | D:1      | Learned a level 3 spell: Ozocubu's Armour
  1995 | D:1      | Reached skill level 1 in Spellcasting
  2495 | D:2      | Noticed Sigmund
  3050 | D:3      | Reached XP level 5. HP: 36/36 MP: 6/6
  3181 | D:3      | Reached skill level 1 in Short Blades
  3181 | D:3      | Reached skill level 1 in Ice Magic
  3367 | D:4      | Noticed Eustachio
  3390 | D:3      | Killed Eustachio
  3391 | D:3      | Reached XP level 6. HP: 35/43 MP: 4/8
  3591 | D:4      | Reached skill level 8 in Stealth
  4063 | D:4      | Found an ancient bone altar of Kikubaaqudgha.
  4078 | D:4      | Reached XP level 7. HP: 45/48 MP: 7/10
  4221 | D:5      | Learned a level 4 spell: Sticky Flame
  4445 | D:5      | Found a sparkling altar of Nemelex Xobeh.
  4786 | D:5      | Found a snail-covered altar of Cheibriados.
  4916 | D:2      | Killed Sigmund
  4917 | D:2      | Reached skill level 1 in Conjurations
  4917 | D:2      | Reached skill level 1 in Fire Magic
  5104 | D:6      | Reached XP level 8. HP: 52/54 MP: 8/12
  5354 | D:6      | Slain by a killer bee

Illustrated notes

Levels and vault maps discovered:
D:1:      dpeg_arrival_stonehenge_8_columns, layout_loops_corners,
          ebering_dispersal_statue_hall, minmay_three_crescents
D:2:      layout_loops_ring, uniq_sigmund
D:3:      layout_loops_ring, chequers_temple_overflow_minitemple,
          minmay_crystal_room, uniq_ijyb
D:4:      layout_loops_cross, mainiacjoe_overflow_six_doors_small,
          kennysheep_vampire_church, uniq_eustachio
D:5:      layout_rooms, mainiacjoe_overflow_alcove_4, chei_slow_surprise,
          minmay_temple_entry_statues_fountains, minivault_23
D:6:      layout_basic, nicolae_overflow_hidden_temple, serial_shops,
          nicolae_shop_bloodbath_and_beyond, kennysheep_doodads, st_stairs_3,
          kennysheep_decorative_pillar, uniq_maggie, uniq_menkaure,
          uniq_crazy_yiuf_cottage, uniq_grinder, uniq_pikel
Temple:   minmay_freezing_vapour_temple

Skill      XL: |  1  2  3  4  5  6  7 |
---------------+----------------------+-----
Stealth        | 7 8 |  8.2
Spellcasting   | 1 2 |  2.9
Short Blades   | 1 2 |  2.5
Long Blades    | 3 |  3.8
Ice Magic      | 1 2 |  2.8
Dodging        | 3 |  3.5
Fighting       | 4 |  4.4
Conjurations   | 1 |  1.2
Fire Magic     | 1 |  1.1

Action                     |  1- 3 |  4- 6 |  7- 9 || total
---------------------------+-------+-------+-------++-------
  Melee: Falchion          |    53 |       |       ||    53
         Constrict         |    14 |    19 |    15 ||    48
         Tentacles         |     9 |    16 |    26 ||    51
         Dagger            |    22 |   113 |    80 ||   215
         Punch             |       |     1 |       ||     1
   Cast: Ozocubu's Armour  |       |     8 |    11 ||    19
    Use: Scroll            |     1 |       |     2 ||     3
         Potion            |     2 |       |     1 ||     3
   Stab: Sleeping          |     7 |    18 |     3 ||    28
         Distracted        |     2 |     1 |     1 ||     4
 Armour: Skin              |     2 |    16 |    19 ||    37
  Dodge: Dodged            |    44 |    62 |    65 ||   171

Table legend: (Time is in decaauts)
 A = Elapsed time spent in this place.
 B = Non-inter-level travel time spent in this place.
 C = Inter-level travel time spent in this place.
 D = Time resting spent in this place.
 E = Time spent auto-exploring this place.
 F = Levels seen in this place.
 G = Mean time per level.
                   A        B        C        D        E       F      G
               +--------+--------+--------+--------+--------+-----+--------+
         Total |   5321 |   4965 |    356 |    700 |   1275 |   7 |  760.1 |
       Dungeon |   5231 |   4881 |    350 |    625 |   1275 |   6 |  871.8 |
        Temple |     90 |     84 |      6 |     75 |      0 |   1 |   90.0 |
               +--------+--------+--------+--------+--------+-----+--------+

Top non-repeatable levels by time:
     D:3: 1341 daAuts
     D:1: 1101 daAuts
     D:4: 938 daAuts
     D:5: 931 daAuts
     D:2: 737 daAuts
     D:6: 180 daAuts
  Temple: 90 daAuts
